 Dungeon Crawl Stone Soup version 0.32-a0-136-gc02482bde3 (webtiles) character file.

Game seed: 14377320104572536473

266 Rennog the Ruffian (level 6, -4/45 HPs)
             Began as a Gnoll Shapeshifter on Feb 10, 2024.
             Was a Priest of Dithmenos.
             Slain by an orc
             ... wielding a +2 short sword of speed
              (6 damage)
             ... on level 4 of the Dungeon.
             The game lasted 00:04:28 (2947 turns).

Rennog the Ruffian (Gnoll Shapeshifter)             Turns: 2947, Time: 00:04:29

Health: -4/45      AC:  0    Str: 16    XL:     6   Next: 20%
Magic:  8/8        EV: 17    Int:  9    God:    Dithmenos [***...]
Gold:   254        SH:  0    Dex: 11    Spells: 8/8 levels left

rFire   . .          .
                       - Unarmed
rCold   . . .        (shield currently unavailable)
rNeg    . . .        a - melded +0 animal skin
rPois   .            (no helmet)
rElec   .            i - scarf {+Inv}
rCorr   .            (no gloves)
SInv    .            (no boots)
Will    .....        (no amulet)
Stlth   +            (no ring)
HPRegen 0.27/turn    (no ring)
MPRegen 0.11/turn

%: no passive effects
@: flux-form, glowing
A: glow, contaminating, reduced hp, fangs 1, strong nose, distributed training
a: Begin Untransformation, Renounce Religion, Evoke Invisibility, Shadow Step


You were on level 4 of the Dungeon.
You worshipped Dithmenos.
Dithmenos was most pleased with you.
You were something dangerously unstable.
You visited 1 branch of the dungeon, and saw 5 of its levels.

You collected 254 gold pieces.

Inventory:

Armour
 a - a +0 animal skin (melded)
 i - a scarf of invisibility (worn)
Magical Staves
 w - the staff "Newtslayer" {Conj Summ}
   (You found it on level 4 of the Dungeon)

   [staff of conjuration]

   Base accuracy: +5 Base damage: 5 Base attack delay: 1.2 This weapon's minimum
   attack delay (0.6) is reached at skill level 12.
   Conj:      It increases the power of your Conjurations spells.
   Summ:      It increases the power of your Summonings spells.
   It falls into the 'Staves' category.
   It is a one-handed weapon.
Talismans
 c - a beast talisman
 d - a flux talisman (active)
Scrolls
 e - a scroll of revelation {unknown}
 f - a scroll of fog {unknown}
 h - 2 scrolls of identify {unknown}
 j - a scroll of summoning {unknown}
 l - a scroll of teleportation {unknown}
 m - a scroll of blinking {unknown}
 q - 3 scrolls of fear {unknown}
 s - 2 scrolls of noise {unknown}
 t - 2 scrolls of amnesia {unknown}
 u - a scroll of poison {unknown}
 x - a scroll of enchant weapon {unknown}
Potions
 g - a potion of attraction {unknown}
 k - 2 potions of heal wounds {unknown}
 n - a potion of degeneration {unknown}
 o - a potion of berserk rage {unknown}
 p - 3 potions of mutation {unknown}
 r - 5 potions of curing {unknown}
 v - a potion of enlightenment {unknown}


   Skills:
 + Level 3.2 Fighting
 + Level 1.9 Short Blades
 + Level 1.9 Long Blades
 + Level 1.9 Axes
 + Level 1.9 Maces & Flails
 + Level 1.9 Polearms
 + Level 1.9 Staves
 + Level 1.9 Ranged Weapons
 + Level 1.9 Throwing
 + Level 1.9 Armour
 + Level 5.0 Dodging
 + Level 1.9 Stealth
 + Level 1.9 Shields
 + Level 6.8 Unarmed Combat
 + Level 1.9 Spellcasting
 + Level 1.5 Conjurations
 + Level 1.5 Hexes
 + Level 1.5 Summonings
 + Level 1.5 Necromancy
 + Level 1.5 Translocations
 + Level 1.5 Fire Magic
 + Level 1.5 Ice Magic
 + Level 1.5 Air Magic
 + Level 1.5 Earth Magic
 + Level 1.5 Alchemy
 + Level 2.1 Invocations
 + Level 1.9 Evocations
 + Level 6.7 Shapeshifting


You had 8 spell levels left.
You didn't know any spells.
Your spell library contained the following spells:

 Spells                   Type           Power      Damage    Failure   Level
 Slow                     Hex            12%        N/A       19%         1
 Jinxbite                 Hex            6%         N/A       26%         2
 Mercury Vapours          Alch/Air       6%         N/A       26%         2
 Call Canine Familiar     Summ           3%         N/A       47%         3
 Confusing Touch          Hex            3%         N/A       47%         3
 Mephitic Cloud           Conj/Alch/Air  3%         N/A       47%         3
 Sigil of Binding         Hex            3%         N/A       47%         3
 Vampiric Draining        Necr           3%         2d6       47%         3
 Dimensional Bullseye     Hex/Tloc       1%         N/A       87%         4
 Freezing Cloud           Conj/Ice/Air   1%         6-21      99%         5
 Yara's Violent Unravell  Hex/Alch       1%         3d3       99%         5
 Enfeeble                 Hex            1%         N/A       100%        7


Dungeon Overview and Level Annotations

Branches:
Dungeon (5/15)             Temple (0/1) D:4

Altars:
Dithmenos
Nemelex Xobeh
Uskayaw
The Shining One

Shops:
D:1 *


Innate Abilities, Weirdness & Mutations

You are something dangerously unstable.
You glow with magical radiation, making you easy to see and hit.
Foes you strike become dangerously contaminated with magical radiation.
Your maximum health is decreased, since you lack skill for your form.
You are incapable of wielding weapons or throwing items.
You have very sharp teeth.
Your uncanny sense of smell can sniff out nearby items.
Your experience applies equally to all skills.


Message History

A centaur comes into view. It is wielding a +0 short sword.
The centaur unwields a +0 short sword.
The centaur wields a +0 orcbow.
The centaur shoots an arrow.
The arrow hits you! The orc completely misses you.
You closely miss the orc.
The orc hits you with a +2 short sword of speed.
The centaur shoots an arrow.
The arrow barely misses you.
You hear a shout!
The orc attacks as it pursues you!
The orc hits you with a +2 short sword of speed.
There is a stone staircase leading up, spattered with blood here.
The orc closely misses you. The orc barely misses you.
You climb upwards.
There is a stone staircase leading down here.
You hit the orc.
The orc begins to glow.
The orc is heavily wounded.
The orc hits you with a +2 short sword of speed.
You hit the orc.
The orc glows dangerously bright.
The orc is severely wounded.
The orc hits you with a +2 short sword of speed.
* * * LOW HITPOINT WARNING * * *
You hit the orc but do no damage.
The orc shudders as magic cascades through it.
The orc twists and deforms.
Your bite misses the orc.
The orc is almost dead.
The orc hits you with a +2 short sword of speed.
* * * LOW HITPOINT WARNING * * *
The orc barely misses you.
You closely miss the orc.
The orc is almost dead.
The orc hits you with a +2 short sword of speed.
* * * LOW HITPOINT WARNING * * *
You closely miss the orc.
The orc is almost dead.
The orc hits you with a +2 short sword of speed.
* * * LOW HITPOINT WARNING * * *
You hit the orc but do no damage.
The orc begins to glow.
The orc is almost dead.
The orc barely misses you.
The orc hits you with a +2 short sword of speed.
You die...

#...#.......##.#.......#......
##...................##........
#.......#............###<.....#
###...................#........
##......................#....
##................###.##....
#............รท..###..##.##.
##......).......)###.....##.
##..##...#.op..............#.
#........###.#....##.........
###......<...#....#..........
#......##..................
##.......#..................
#..................#........
##.............#####..###..#
##.#...#......####...####..
#...................>.#...


You could see an orc (contam, misshapen).

Vanquished Creatures
  A hound (D:5)
  A sleepcap (D:5)
  2 iguanas
  Robin (D:2)
  3 gnolls (D:3)
  5 adders
  2 dart slugs (D:1)
  A ribbon worm (D:2)
  An orc (D:4)
  4 endoplasms
  A giant cockroach (D:2)
  18 goblins
  10 hobgoblins
  A quokka (D:4)
  5 ball pythons
  2 bats (D:1)
  A frilled lizard (D:1)
  10 kobolds
  6 rats
75 creatures vanquished.

Notes
Turn   | Place    | Note
-------+----------+-------------------------------------------
     0 | D:1      | Rennog the Gnoll Shapeshifter began the quest for the Orb.
     0 | D:1      | Reached XP level 1. HP: 17/17 MP: 1/1
   121 | D:1      | Found a faded altar of an unknown god.
   151 | D:1      | Prayed at the altar of an unknown god.
   151 | D:1      | Became a worshipper of Dithmenos the Shadowed
   151 | D:1      | Reached * piety under Dithmenos
   299 | D:1      | Reached XP level 2. HP: 23/23 MP: 2/2
   447 | D:1      | Found Paxodox's Assorted Antiques.
   941 | D:2      | Reached XP level 3. HP: 28/28 MP: 2/4
   947 | D:2      | Reached skill level 1 in Invocations
   950 | D:2      | Reached ** piety under Dithmenos
  1041 | D:2      | Reached skill level 1 in Short Blades
  1041 | D:2      | Reached skill level 1 in Long Blades
  1041 | D:2      | Reached skill level 1 in Axes
  1041 | D:2      | Reached skill level 1 in Maces & Flails
  1041 | D:2      | Reached skill level 1 in Polearms
  1041 | D:2      | Reached skill level 1 in Staves
  1041 | D:2      | Reached skill level 1 in Ranged Weapons
  1041 | D:2      | Reached skill level 1 in Throwing
  1041 | D:2      | Reached skill level 1 in Armour
  1041 | D:2      | Reached skill level 1 in Stealth
  1041 | D:2      | Reached skill level 1 in Shields
  1041 | D:2      | Reached skill level 1 in Spellcasting
  1041 | D:2      | Reached skill level 1 in Evocations
  1193 | D:2      | Identified the +2 helmet of the Salmon {rC+}
  1193 | D:2      | Noticed Robin
  1231 | D:2      | Reached XP level 4. HP: 22/34 MP: 5/5
  1242 | D:2      | Killed Robin
  1287 | D:2      | Reached skill level 1 in Conjurations
  1287 | D:2      | Reached skill level 1 in Hexes
  1287 | D:2      | Reached skill level 1 in Summonings
  1287 | D:2      | Reached skill level 1 in Necromancy
  1287 | D:2      | Reached skill level 1 in Translocations
  1287 | D:2      | Reached skill level 1 in Fire Magic
  1287 | D:2      | Reached skill level 1 in Ice Magic
  1287 | D:2      | Reached skill level 1 in Air Magic
  1287 | D:2      | Reached skill level 1 in Earth Magic
  1287 | D:2      | Reached skill level 1 in Alchemy
  1655 | D:3      | Found a hide-covered altar of Uskayaw.
  1814 | D:3      | Found a glowing golden altar of the Shining One.
  1814 | D:3      | Found a sparkling altar of Nemelex Xobeh.
  1844 | D:3      | Found a shadowy altar of Dithmenos.
  1982 | D:3      | Reached XP level 5. HP: 29/40 MP: 5/7
  2560 | D:4      | Reached *** piety under Dithmenos
  2564 | D:4      | Identified the staff "Newtslayer" {Conj Summ}
  2671 | D:4      | Found a staircase to the Ecumenical Temple.
  2774 | D:5      | Entered Level 5 of the Dungeon
  2791 | D:5      | Reached XP level 6. HP: 13/47 MP: 8/8
  2796 | D:5      | Reached skill level 5 in Dodging
  2946 | D:4      | HP: 2/45 [orc/+2 short sword of speed (5)]
  2947 | D:4      | Slain by an orc

Illustrated notes

Levels and vault maps discovered:
D:1:      amcnicky_arrival_single_pillar, layout_basic, serial_shops,
          nicolae_shop_hallway_stairs, chequers_ecumenical_altar_lobes
D:2:      layout_rooms, supply_closet_lemuel, uniq_robin
D:3:      layout_basic, eat_drink_and_be_merry_uskayaw, general_overflow_altar,
          gammafunk_temple_overflow_elements
D:4:      layout_cave_pools, minmay_temple_entry_nine_rooms
D:5:      layout_cave_pools

Skill      XL: |  1  2  3  4  5  6 |
---------------+-------------------+-----
Invocations    | 1 2 |  2.1
Short Blades   | 1 |  1.9
Long Blades    | 1 |  1.9
Axes           | 1 |  1.9
Maces & Flails | 1 |  1.9
Polearms       | 1 |  1.9
Staves         | 1 |  1.9
Ranged Weapons | 1 |  1.9
Throwing       | 1 |  1.9
Armour         | 1 |  1.9
Stealth        | 1 |  1.9
Shields        | 1 |  1.9
Spellcasting   | 1 |  1.9
Evocations     | 1 |  1.9
Conjurations   | 1 |  1.5
Hexes          | 1 |  1.5
Summonings     | 1 |  1.5
Necromancy     | 1 |  1.5
Translocations | 1 |  1.5
Fire Magic     | 1 |  1.5
Ice Magic      | 1 |  1.5
Air Magic      | 1 |  1.5
Earth Magic    | 1 |  1.5
Alchemy        | 1 |  1.5
Fighting       | 3 |  3.2
Dodging        | 5 |  5.0
Unarmed Combat | |  6.8
Shapeshifting  | |  6.7

Action                     |  1- 3 |  4- 6 || total
---------------------------+-------+-------++-------
  Melee: Unarmed           |    68 |   104 ||   172
         Bite              |     5 |     9 ||    14
         Punch             |     2 |     7 ||     9
    Use: Potion            |       |     1 ||     1
 Armour: Animal skin       |    29 |    19 ||    48
         Skin              |       |    54 ||    54
  Dodge: Dodged            |    39 |    52 ||    91
   Form: Beast             |     2 |       ||     2
                           |     1 |       ||     1
         Flux              |       |     1 ||     1

Table legend: (Time is in decaauts)
 A = Elapsed time spent in this place.
 B = Non-inter-level travel time spent in this place.
 C = Inter-level travel time spent in this place.
 D = Time resting spent in this place.
 E = Time spent auto-exploring this place.
 F = Levels seen in this place.
 G = Mean time per level.
                   A        B        C        D        E       F      G
               +--------+--------+--------+--------+--------+-----+--------+
         Total |   2927 |   2775 |    152 |    122 |   2160 |   5 |  585.4 |
       Dungeon |   2927 |   2775 |    152 |    122 |   2160 |   5 |  585.4 |
               +--------+--------+--------+--------+--------+-----+--------+

Top non-repeatable levels by time:
     D:1: 837 daAuts
     D:3: 701 daAuts
     D:4: 701 daAuts
     D:2: 646 daAuts
     D:5: 40 daAuts
